AoeStats
← Nessy

Arena

506327400Analyzed
4v4 RM · 19d ago on Sep 13, 2026· 48m 4s· 8 players
Game mode
Random Map
Map size
Large (8 player)
Population
200
Speed
Normal
Resources
Standard
Victory
Conquest
Starting age
Dark Age
Ending age
Imperial Age
RankedLock teamsTeams togetherTeam positionsShared explorationLock speedFull tech treeHidden civsTurbo modeCheats
Victory
Defeat
🇧🇷 Bulgarians · Brazil
1425
+20
🇨🇳 Persians · China
1410
+20
🇨🇳 Cumans · China
1403
+21
🇰🇷 Koreans · South Korea
1384
+21
🇦🇺 Goths · Australia
1566
-22
🇦🇺 Shu · Australia
1547
-22
🇦🇺 Italians · Australia
1481
-20
🇦🇺 Inca · Australia
1444
-18
jetty8282-한국인
9:20 Loom
11:06 Feudal Age
12:12 Town Watch
15:50 Castle Age
13:36 Double-Bit Axe
14:08 Horse Collar
15:01 Stone Mining
16:41 Bow Saw
17:20 Heavy Plow
20:54 Stone Shaft Mining
21:16 Gold Mining
23:23 Gold Shaft Mining
24:07 Wheelbarrow
24:33 Fletching
25:34 Bodkin Arrow
29:43 Imperial Age
27:53 Ballistics
27:59 Hand Cart
27:50 Bodkin Arrow
29:25 Fortified Wall
29:30 Treadmill Crane
29:16 Crossbowman
30:09 Thumb Ring
30:56 Conscription
30:48 Guilds
31:39 Two-Man Saw
30:55 Bracer
30:54 Arbalester
34:32 Chemistry
35:20 Heavy Rocket Cart
36:27 Forging
36:17 Scale Mail Armor
36:19 Squires
35:41 Pikeman
36:49 Arson
37:41 Iron Casting
37:40 Chain Mail Armor
36:51 Halberdier
39:11 Plate Mail Armor
40:48 Siege Engineers
40:54 Masonry
41:48 Caravan
42:33 Coinage
43:02 Shinkichon
44:10 Banking
43:20 Elite Skirmisher
45:47 Architecture
45:13 Murder Holes
咚哩个咚
10:21 Feudal Age
13:58 Castle Age
12:45 Double-Bit Axe
13:23 Horse Collar
14:55 Bow Saw
15:44 Loom
22:46 Wheelbarrow
22:44 Heavy Plow
23:01 Gold Mining
24:37 Gold Shaft Mining
23:52 Stone Mining
25:32 Hand Cart
28:56 Imperial Age
26:52 Scale Barding Armor
27:17 Bloodlines
27:08 Husbandry
27:56 Forging
28:09 Chain Barding Armor
28:05 Pikeman
28:45 Squires
29:25 Iron Casting
28:41 Fletching
28:42 Cavalier
30:02 Plate Barding Armor
30:04 Guilds
31:05 Two-Man Saw
30:31 Savar
33:10 Coinage
34:43 Banking
35:05 Capped Ram
36:00 Bodkin Arrow
36:06 Padded Archer Armor
37:07 Blast Furnace
37:14 Blast Furnace
36:19 Padded Archer Armor
35:56 Siege Ram
37:46 Thumb Ring
37:47 Crossbowman
38:39 Kamandaran
39:00 Conscription
39:41 Leather Archer Armor
39:55 Ballistics
40:44 Chemistry
39:20 Light Cavalry
40:11 Hussar
44:17 Ring Archer Armor
43:48 Scale Mail Armor
46:08 Masonry
适才相戏尔
6:20 Loom
8:25 Feudal Age
8:55 Double-Bit Axe
11:58 Horse Collar
17:11 Man-at-Arms
22:13 Wheelbarrow
22:19 Stone Mining
23:21 Gold Mining
26:51 Castle Age
28:26 Bow Saw
31:39 Imperial Age
29:43 Heavy Plow
31:56 Onager
33:07 Fletching
34:46 Hand Cart
35:22 Gold Shaft Mining
35:59 Two-Man Saw
35:04 Bodkin Arrow
35:10 Padded Archer Armor
37:05 Leather Archer Armor
37:12 Ballistics
38:14 Ring Archer Armor
38:58 Siege Onager
40:21 Hand Cart
41:09 Chemistry
40:23 Thumb Ring
40:05 Elite Skirmisher
42:04 Crop Rotation
42:07 Conscription
42:45 Masonry
48:18 Scale Barding Armor
48:23 Forging
逆·风
11:41 Feudal Age
12:28 Double-Bit Axe
15:14 Castle Age
13:04 Horse Collar
16:54 Bow Saw
17:00 Loom
19:43 Wheelbarrow
22:38 Stone Mining
23:36 Gold Mining
24:58 Hand Cart
25:06 Town Watch
29:22 Imperial Age
27:12 Scale Mail Armor
27:22 Forging
27:43 Squires
27:03 Pikeman
27:29 Gambesons
27:30 Arson
28:01 Chain Mail Armor
30:36 Iron Casting
29:31 Halberdier
29:44 Capped Ram
30:57 Plate Mail Armor
30:40 Bagains
31:32 Conscription
32:14 Blast Furnace
31:24 Siege Ram
32:13 Fletching
32:31 Siege Engineers
32:47 Bodkin Arrow
36:26 Masonry
37:18 Chemistry
36:21 Town Patrol
36:53 Coinage
37:48 Onager
37:48 Heavy Scorpion
39:00 Architecture
38:51 Ballistics
40:11 Banking
39:43 Caravan
39:29 Siege Onager
43:55 Gold Shaft Mining
43:56 Stone Shaft Mining
43:22 Heavy Plow
44:21 Scale Barding Armor
44:17 Bracer
44:18 Padded Archer Armor
44:18 Stirrups
46:36 Chain Barding Armor
46:31 Leather Archer Armor
48:49 Plate Barding Armor
Nessy
10:30 Feudal Age
14:37 Castle Age
12:51 Horse Collar
12:59 Double-Bit Axe
13:52 Scale Mail Armor
14:20 Town Watch
14:45 Horse Collar
14:47 Champi Runner
20:23 Squires
21:15 Bow Saw
23:01 Wheelbarrow
23:38 Champi Warrior
25:02 Forging
25:13 Heavy Plow
25:56 Hand Cart
31:17 Imperial Age
30:03 Town Patrol
30:38 Chain Mail Armor
30:58 Iron Casting
30:56 Arson
30:50 Pikeman
31:55 Andean Sling
32:23 Conscription
31:35 Halberdier
32:52 Plate Mail Armor
35:11 Blast Furnace
34:14 Elite Kamayuk
41:47 Fabric Shields
43:18 Stone Mining
43:38 Gold Mining
44:32 Loom
45:28 Treadmill Crane
TDI
10:55 Feudal Age
11:37 Double-Bit Axe
14:33 Castle Age
12:16 Horse Collar
16:20 Bow Saw
20:16 Wheelbarrow
19:52 Town Watch
27:39 Imperial Age
25:30 Gold Mining
25:57 Stone Mining
27:13 Ballistics
27:04 Masonry
26:41 Loom
27:12 Hand Cart
27:32 Crossbowman
28:06 Fletching
28:18 Arbalester
28:54 Bodkin Arrow
29:54 Conscription
30:53 Bolt Magazine
31:24 Bracer
33:39 Chemistry
34:15 Two-Man Saw
34:07 Thumb Ring
34:04 Padded Archer Armor
34:09 Coiled Serpent Array
35:29 Hoardings
35:02 Elite White Feather Guard
35:43 Scale Mail Armor
35:53 Forging
36:51 Chain Mail Armor
36:45 Scale Barding Armor
37:20 Coinage
38:52 Leather Archer Armor
39:09 Plate Mail Armor
39:30 Gold Shaft Mining
39:30 Architecture
39:05 Siege Engineers
45:10 Light Cavalry
45:50 Husbandry
46:11 Chain Barding Armor
47:50 Plate Barding Armor
48:51 Ring Archer Armor
Top Geary
10:28 Feudal Age
11:06 Loom
14:56 Castle Age
12:59 Double-Bit Axe
13:07 Horse Collar
16:42 Bow Saw
20:06 Heavy Plow
23:34 Wheelbarrow
24:47 Hand Cart
26:22 Gold Mining
30:47 Imperial Age
28:41 Stone Mining
30:03 Scale Mail Armor
30:14 Forging
29:57 Man-at-Arms
31:09 Squires
31:25 Chain Mail Armor
30:45 Long Swordsman
32:13 Crossbowman
33:04 Padded Archer Armor
34:08 Chemistry
33:35 Conscription
32:48 Long Swordsman
44:23 Leather Archer Armor
SlateRS
10:48 Feudal Age
14:54 Castle Age
14:37 Double-Bit Axe
14:36 Horse Collar
15:53 Bow Saw
17:43 Loom
22:12 Fletching
23:02 Bodkin Arrow
24:47 Wheelbarrow
27:56 Imperial Age
25:45 Gold Mining
26:07 Padded Archer Armor
26:34 Stone Mining
27:19 Ballistics
28:48 Leather Archer Armor
28:46 Bracer
30:15 Conscription
31:11 Ring Archer Armor
31:44 Chemistry
31:43 Elite Genoese Crossbowman
32:30 Murder Holes
35:25 Thumb Ring
40:03 Crossbowman
40:49 Arbalester
Connection lost

Rejoining the realm…

Still unreachable

The connection could not be restored.

Session expired

The server has moved on; the page needs a fresh start.